[Event "10th Iberoamericano-ch 2024"]
[Site "Linares"]
[Date "2024.09.25"]
[Round "1.1"]
[White "Vallejo Pons, Francisco"]
[Black "Bendayan Claros, Aaron"]
[Result "1-0"]
[ECO "A01"]
[WhiteElo "2657"]
[BlackElo "2200"]
[Annotator "TA"]
[PlyCount "85"]
[EventDate "2024.09.25"]
[EventType "swiss"]
[EventCountry "ESP"]
[SourceTitle "playchess.com"]
[Source "ChessBase"]
[SourceQuality "1"]
[TimeControl "5400+30"]

1. b3 e5 2. Bb2 Nc6 3. c4 g6 4. Nc3 Bg7 5. g3 d6 6. Bg2 Be6 7. Nf3 f5 8. d4 {[%emt 0:06:19][%cal Bd2d4,Bd4d5][%mdl 32] White is slightly better.} e4 {[%emt 0:02:23] [#]} (8... exd4 $11 9. Nd5 Nf6) 9. d5 $1 $16 exf3 10. exf3 Bd7 11. dxc6 Bxc6 12. O-O Ne7 13. b4 O-O 14. b5 Be8 15. f4 Rb8 16. Qd3 Bf7 17. Rad1 $36 {[%emt 0:00:32][%mdl 2048] Keeping Black busy. White is more active.} (17. Rfd1 $142) 17... a6 18. a4 ({Better is} 18. Rfe1 $16) 18... axb5 19. axb5 b6 ({Black should play} 19... Re8) 20. Na4 Bxb2 21. Nxb2 Kg7 (21... h6 $16 {was necessary.} 22. Qc3 Kh7) 22. Qc3+ $18 Kh6 (22... Kg8 $142 23. Nd3 h6) 23. h3 {[%emt 0:02:05] aiming for g4.} Be6 24. Rfe1 Bd7 25. Nd3 Ng8 26. Nb4 Qf6 27. Qxf6 Nxf6 {[%emt 0:01:11] [#]} 28. Na6 $1 Rbe8 29. Nxc7 Rxe1+ 30. Rxe1 Rc8 31. Nd5 Nxd5 32. Bxd5 {[%emt 0:00:03][%mdl 4096] Endgame. KRB-KRB} Re8 33. Ra1 Be6 34. Bxe6 Rxe6 {[%emt 0:01:22] KR-KR} 35. Ra6 Re4 36. Rxb6 Rxc4 37. Rxd6 Rb4 38. b6 Rb3 39. Kg2 Rb4 40. Rc6 Rb3 (40... Kg7 $142 41. Rc7+ Kf6) 41. g4 Rb4 42. Kg3 (42. g5+ $142 Kg7 43. Rc7+ Kf8 44. b7 (44. Rxh7 Rxb6 45. h4 Rb4 $18) 44... Kg8 45. Rc8+ Kf7 46. b8=Q (46. b8=B Rb5 $18) 46... Rxb8 47. Rxb8) 42... Rb3+ 43. f3 {[%emt 0:00:21] White took control after the opening.   Weighted Error Value: White=0.07 (flawless) /Black=0.46.  Mistake:       	White=2     	Black=5      Inaccurate:     	---       	Black=4      OK:         	White=18    	Black=14     Best:        	White=3     	---        Strong:       	White=2     	---} 1-0

[Event "10th Iberoamericano-ch 2024"]
[Site "Linares"]
[Date "2024.09.25"]
[Round "1.2"]
[White "Vehi Bach, Victor Manuel"]
[Black "Pichot, Alan"]
[Result "0-1"]
[ECO "C48"]
[WhiteElo "2191"]
[BlackElo "2628"]
[Annotator "TA"]
[PlyCount "108"]
[EventDate "2024.09.25"]
[EventType "swiss"]
[EventCountry "ESP"]
[SourceTitle "playchess.com"]
[Source "ChessBase"]
[SourceQuality "1"]
[TimeControl "5400+30"]

1. e4 e5 2. Nf3 Nc6 3. Nc3 Nf6 4. Bb5 Nd4 5. O-O c6 6. Bd3 Nxf3+ 7. Qxf3 d6 8. Be2 {[%emt 0:02:04] The position is equal.} g6 9. d3 Nh5 10. g3 Ng7 11. Qg2 Be6 12. f4 Qd7 13. Qf2 Be7 14. Be3 exf4 15. gxf4 f5 16. Bf3 (16. Bxa7 $11 b5 17. Bd4) 16... O-O $15 17. Ne2 Rf7 18. b3 Raf8 19. c4 fxe4 20. dxe4 Bh3 21. Bg2 (21. Rfd1 $5) 21... Nh5 22. Bxh3 (22. f5 $5 Bxf5 23. exf5 Rxf5 24. Qe1 Rxf1+ 25. Bxf1 $16) 22... Qxh3 23. Qf3 Qxf3 24. Rxf3 Nf6 25. Nc3 Ng4 26. Bd2 Bg5 27. Ne2 Bh6 (27... Bh4 $5 ) 28. Re1 Re8 29. Ng3 Ref8 {[%emt 0:13:22] Black is more active.} (29... Ne5 $15 30. fxe5 Bxd2 31. Rxf7 Kxf7 32. Rf1+ Ke6 33. exd6 Bb4 (33... Kxd6 $2 34. Rd1 $18)) 30. Ref1 $11 Re8 31. Re1 ({White should try} 31. Kg2 $11) 31... Ne5 $15 32. fxe5 Bxd2 33. Rxf7 Kxf7 {[%emt 0:00:07][%mdl 4096] Endgame. KRB-KRN} 34. Rf1+ Ke6 $1 35. exd6 Bb4 (35... Kxd6 $2 {is the wrong capture.} 36. Rd1 $18) 36. e5 Kxe5 37. Rf7 {[%emt 0:01:07][%csl LRb7,LRh7] [#]} Bxd6 (37... h5 $1 $17 {next ...h4 is good for Black.} 38. Rxb7 (38. d7 Rd8 $11) 38... Bxd6) 38. Rxh7 $11 Be7 39. Kg2 Kd4 40. Rg7 (40. Rf7 $11 {remains equal.}) 40... Kc3 $17 41. Rxg6 {[%emt 0:00:06] Re6 is the strong threat.} Bb4 42. Rf6 {[%emt 0:02:19] [#]} Kb2 $1 {[%emt 0:01:22][%mdl 1024] Black has strong compensation.} 43. Rf2+ Ka3 44. Nf5 Bc5 (44... Rf8 $17 {And now ...Bc5 would win.} 45. h4 Bc5) 45. Rd2 Re5 46. Nh4 (46. Nd4 $1 $11) 46... Re1 (46... Bb4 $19 {has better winning chances.} 47. Rf2 Be1) 47. Nf3 (47. Nf5 $142) 47... Ra1 ({Black should play} 47... Bb4 48. Rd3 Re8) 48. h4 $2 (48. b4 $17 Bxb4 49. Rd7) 48... Rxa2 $19 49. h5 $2 (49. Kf1) 49... Kxb3 50. Rxa2 Kxa2 51. h6 Bf8 52. h7 Bg7 {[%emt 0:00:04] ( -> ...a5)} 53. Nh4 a5 (53... Kb3 $142 54. Nf5 Bh8 55. Nd6 a5 56. Nf7 Bg7 57. Nd8 a4 (57... Kxc4 $2 58. Nxb7 a4 59. Nd6+ Kb3 60. h8=B $19) 58. Ne6 Bh8 59. Kg3 a3 (59... Kxc4 $2 60. Nd8 $19) 60. Nc5+ Kxc4 61. Nxb7 a2 62. Nd6+ Kb3 63. Ne4 a1=Q (63... a1=B $2 64. Kf3 $19) 64. Nd2+ Ka2 65. Ne4 Qe5+ 66. Kf3 Qd5 67. Kf4 Be5+ 68. Kf5 Bd6+ 69. Kf6 Qxe4 (69... Be5+ {gets mated.} 70. Kf5 Bd6+ 71. Kf6 Qxe4 72. h8=Q Be5+ 73. Ke7 Bxh8+ 74. Kf7 c5 75. Kg8 Qe8+ 76. Kh7 Bf6 77. Kh6 Qg8 78. Kh5 Qg5#) 70. h8=Q Be5+ 71. Ke7 Bxh8+ 72. Kf7 Ba1 73. Kf8 Qh7 74. Ke8 Bf6 75. Kf8 Qg7+ 76. Ke8 Qe7#) 54. Nf5 Bh8 {[%emt 0:00:09] Weighted Error Value: White=0.64/Black=0.23 (precise) .  Loses game:     	White=2     	---        Mistake:       	White=5     	Black=5      Inaccurate:     	White=3     	Black=3      OK:         	White=17    	Black=15     Best:        	White=3     	Black=6      Strong:       	---       	Black=2} 0-1

[Event "10th Iberoamericano-ch 2024"]
[Site "Linares"]
[Date "2024.09.25"]
[Round "1.3"]
[White "Henriquez Villagra, Cristobal"]
[Black "Prado Acebo, Ines"]
[Result "1/2-1/2"]
[ECO "B90"]
[WhiteElo "2604"]
[BlackElo "2189"]
[Annotator "TA"]
[PlyCount "120"]
[EventDate "2024.09.25"]
[EventType "swiss"]
[EventCountry "ESP"]
[SourceTitle "playchess.com"]
[Source "ChessBase"]
[SourceQuality "1"]
[TimeControl "5400+30"]

1. e4 c5 2. Nf3 d6 3. d4 cxd4 4. Nxd4 Nf6 5. Nc3 a6 6. h3 e6 7. g4 d5 8. Nde2 h5 9. g5 Nxe4 {[%emt 0:01:11] White is slightly better.} 10. Nxe4 dxe4 11. Qxd8+ Kxd8 12. Bg2 Bd7 13. Be3 {[%emt 0:21:07][%cal Oe1c1][%mdl 1024] White has compensation.} Bd6 14. O-O-O Ke7 15. Rd2 Rc8 16. g6 Bc5 (16... Bc6 $14) 17. gxf7 $16 (17. Bxe4 Bxe3 18. fxe3 Bc6 19. Bxc6 Nxc6) 17... Bxe3 18. fxe3 Bc6 19. Rhd1 ({Better is} 19. h4) 19... Nd7 {[%emt 0:14:03][%cal Od7e5] [#]} 20. Bxe4 $1 {[%emt 0:00:30] White is much more active.} Ne5 21. Bxc6 Rxc6 22. Nd4 Rc5 23. b4 Rc3 24. Rg2 $132 {[%emt 0:06:59][%mdl 2048] White is fighting back} Rf8 25. Rxg7 Rxf7 26. Rg5 Rxe3 27. Rxh5 Nc4 28. Rc5 Nb6 29. h4 Re4 (29... Nd5 $142) 30. h5 Kf8 31. b5 axb5 32. Nxb5 {[%emt 0:00:34] Hoping for Nd6.} Rf5 33. Rxf5+ exf5 {[%emt 0:00:01][%mdl 4096] Endgame. KRN-KRN} 34. Rf1 Nc4 {[%emt 0:01:05] Prevents Nd6} 35. Rxf5+ Ke7 36. c3 $1 Rh4 37. Rg5 Kf6 38. Rc5 b6 39. Rc6+ Ke5 $1 40. h6 Kd5 41. Rg6 Rh2 42. a4 Ne5 $2 (42... Rh1+ $14 43. Kc2 Rh2+ 44. Kd1 Nb2+ 45. Ke1 Nxa4) 43. Rxb6 $18 Kc4 (43... Kc5 {was called for.}) 44. Kd1 (44. a5 $142 {Black must now prevent a6.} Kb3 45. Nd6+ Kxc3 46. Ne4+ Kd4 47. Ng5) 44... Ng4 (44... Kc5 $142) 45. Rc6+ (45. a5 $1 $18 Kc5 46. Nd4 Nxh6 47. Rg6) 45... Kd3 $2 (45... Kd5 $16) 46. Rd6+ Ke3 47. Kc1 Nxh6 48. a5 {[%emt 0:00:32] And now a6 would win.} Nf5 49. Rf6 Ng3 50. a6 (50. Nd4 $142 {Rf3+ would now be deadly.} Ke4 51. a6) 50... Ra2 $2 (50... Ne4) 51. Kb1 Ra5 52. Rb6 (52. Nd4) 52... Ne4 53. Kc2 {[%emt 0:00:23] a7 is the strong threat.} Ra2+ {[%emt 0:00:22] [#]} 54. Kb1 ({Weaker is} 54. Kb3 Rxa6 55. Rb8 (55. Rxa6 Nc5+ 56. Kc4 Nxa6 $11) 55... Nc5+ 56. Kc4 Nd3 $11) (54. Kc1 $1 $18 {is the precise move to win.}) 54... Ra5 $16 55. Kc2 $2 (55. Nc7 $16 Nxc3+ 56. Kc2) 55... Ra2+ $1 $18 {[%emt 0:00:04] [#]} 56. Kc1 $1 ({Less strong is} 56. Kb3 Rxa6 57. Rb8 (57. Rxa6 Nc5+ 58. Kc4 Nxa6 $11) 57... Nc5+ 58. Kc4 Nd3 $11) 56... Kd3 57. Rc6 $2 (57. Kb1 $18 Ra5 58. Kb2) 57... Rc2+ $11 {[%emt 0:00:22] The position is equal.} 58. Kb1 {[%emt 0:00:43] Threatens to win with Ka1.} Nd2+ 59. Ka1 {[%emt 0:00:02] aiming for Rd6+.} Nb3+ 60. Kb1 {[%emt 0:00:03] Intending Rd6+ and mate.} Nd2+ {Weighted Error Value: White=0.33/Black=0.49.  Loses game:     	---       	Black=2      Missed win:     	White=1     	---        Mistake:       	White=5     	Black=5      Inaccurate:     	White=4     	Black=6      OK:         	White=15    	Black=17     Best:        	White=3     	Black=8      Strong:       	White=2     	Black=2} 1/2-1/2

[Event "10th Iberoamericano-ch 2024"]
[Site "Linares"]
[Date "2024.09.25"]
[Round "1.4"]
[White "Rodriguez Redondo, Adhara"]
[Black "Quesada Perez, Luis Ernesto"]
[Result "1/2-1/2"]
[ECO "B92"]
[WhiteElo "2184"]
[BlackElo "2578"]
[Annotator "TA"]
[PlyCount "116"]
[EventDate "2024.09.25"]
[EventType "swiss"]
[EventCountry "ESP"]
[SourceTitle "playchess.com"]
[Source "ChessBase"]
[SourceQuality "1"]
[TimeControl "5400+30"]

1. e4 c5 2. Nf3 d6 3. d4 cxd4 4. Nxd4 Nf6 5. Nc3 a6 6. Be2 e5 7. Nf3 Be7 8. Bg5 Nbd7 9. a4 h6 10. Be3 Qc7 11. Nd2 Nc5 12. Nc4 Be6 13. Nd5 Nxd5 14. exd5 Bf5 15. a5 O-O 16. Nb6 Rae8 17. O-O Bg6 18. f3 f5 19. b4 f4 20. Bf2 Nd7 21. Bd3 (21. c4 $14) 21... e4 $11 22. fxe4 Bf6 {[%emt 0:09:10] [#]} 23. Nxd7 $1 Qxd7 24. e5 Bxd3 (24... Bxe5 $2 25. Bxg6 Bxa1 26. Bxe8 (26. Qxa1 Re2 $18) 26... Qxe8 27. Qxa1 $18) 25. Qxd3 Bxe5 26. Bd4 (26. Rae1 {is more complex.} f3 27. Re4 fxg2 28. Kxg2 Rc8 29. c4) 26... Qf5 27. Bxe5 Qxd3 28. cxd3 Rxe5 {[%emt 0:00:08][%mdl 4096] Endgame. KRR-KRR} 29. Rac1 Rxd5 30. Rc7 Rb5 {[%emt 0:00:15] The position is equal.} 31. Re1 $1 f3 {[%emt 0:15:42][%cal Bf4f3,Bf3f2][%mdl 32] [#] White must now prevent ...f2+.} (31... Rxb4 32. Ree7 Rb8 (32... Rb1+ 33. Kf2 $16) 33. Rxg7+ Kh8 34. Rh7+ Kg8 35. Kf2 $14 (35. Rxh6 Ra4 $14) (35. Rcg7+ Kf8 $16)) 32. Ree7 f2+ (32... Rxb4 33. Rxg7+ Kh8 34. Rh7+ Kg8 35. Rcg7#) 33. Kf1 Rg5 {[%emt 0:00:27][%cal Og5g2] Strongly threatening ...Rxg2!} 34. g3 ({Much worse is} 34. Rxb7 Rxg2 $17) 34... h5 $1 35. Rxb7 {[%emt 0:06:07] White wants to play Re4.} h4 $1 $132 {[%emt 0:00:27][%mdl 2048] Black is fighting back} 36. Re2 (36. gxh4 {gets mated.} Rg1+ 37. Ke2 f1=Q+ (37... f1=B+ $2 38. Ke3 $19) 38. Kd2 Qc1+ 39. Ke2 Rg2#) 36... Rxg3 37. Rxf2 Rxf2+ (37... Rxd3 $2 {is the wrong capture.} 38. Rxf8+ Kxf8 39. b5 $18) 38. Kxf2 Rxd3 {[%emt 0:00:17] KR-KR} 39. Rb6 Rd2+ 40. Kg1 Rb2 41. Rxa6 Rxb4 42. Rxd6 Ra4 43. a6 Kh7 44. Kg2 g6 45. Rd7+ Kh6 46. a7 Kh5 47. h3 Ra3 48. Rb7 Ra2+ 49. Kf3 g5 50. Rh7+ Kg6 51. Rb7 Ra3+ 52. Kg2 g4 53. hxg4 Kg5 54. Rg7+ Kf4 55. Rf7+ Kxg4 56. Rg7+ Kf5 57. Rf7+ Ke6 58. Rh7 h3+ {Weighted Error Value: White=0.05 (flawless) /Black=0.04 (flawless) .  Mistake:       	White=1     	---        Inaccurate:     	White=1     	Black=2      OK:         	White=14    	Black=28     Best:        	White=4     	Black=2      Strong:       	White=1     	Black=2} 1/2-1/2

[Event "10th Iberoamericano-ch 2024"]
[Site "Linares"]
[Date "2024.09.25"]
[Round "1.5"]
[White "Iturrizaga Bonelli, Eduardo"]
[Black "Goncalves, Samuel Jesus P"]
[Result "1/2-1/2"]
[ECO "D90"]
[WhiteElo "2577"]
[BlackElo "2169"]
[Annotator "TA"]
[PlyCount "23"]
[EventDate "2024.09.25"]
[EventType "swiss"]
[EventCountry "ESP"]
[SourceTitle "playchess.com"]
[Source "ChessBase"]
[SourceQuality "1"]
[TimeControl "5400+30"]

1. d4 Nf6 2. c4 g6 3. Nc3 d5 4. Nf3 Bg7 5. h4 dxc4 6. e4 {[%emt 0:00:58][%cal Be2e4,Be4e5][%mdl 32] [#]} c5 $1 7. d5 {[%emt 0:01:22] [#]} (7. Bxc4 cxd4) 7... b5 $1 {[%emt 0:00:08] Inhibits Qa4.} 8. e5 {[%emt 0:02:09] The position is equal.} ({Don't play} 8. Nxb5 Qa5+ 9. Nc3 Nxe4 $15) (8. h5 $5 O-O 9. h6 $11 (9. Nxb5 Qa5+ 10. Nc3 Nxe4 $17)) (8. h5 O-O) 8... Ng4 9. Bf4 (9. Nxb5 $15 Nd7 10. Bxc4) 9... O-O $17 10. Nxb5 Nd7 11. Bxc4 Ndxe5 12. Nxe5 {[%emt 0:10:55] Weighted Error Value: White=0.17 (very precise) /Black=0.07 (flawless) .  Mistake:       	White=1     	---        Inaccurate:     	White=1     	Black=1      OK:         	White=2     	Black=5} 1/2-1/2

[Event "10th Iberoamericano-ch 2024"]
[Site "Linares"]
[Date "2024.09.25"]
[Round "1.6"]
[White "Santos Flores, Alberto"]
[Black "Fier, Alexandr"]
[Result "1-0"]
[ECO "E11"]
[WhiteElo "2168"]
[BlackElo "2551"]
[Annotator "TA"]
[PlyCount "135"]
[EventDate "2024.09.25"]
[EventType "swiss"]
[EventCountry "ESP"]
[SourceTitle "playchess.com"]
[Source "ChessBase"]
[SourceQuality "1"]
[TimeControl "5400+30"]

1. d4 Nf6 2. c4 e6 3. Nf3 Bb4+ 4. Bd2 Qe7 5. g3 Bxd2+ 6. Qxd2 Nc6 {[%emt 0:00:10] E11: Bogo-Indisch.} 7. Nc3 {[%emt 0:00:56] Onnauwkeurig} d5 {[%emt 0:00:05] OK} 8. e3 {[%emt 0:05:02] Onnauwkeurig} dxc4 {[%emt 0:00:54] OK. De stelling is in evenwicht.} 9. Bxc4 O-O {[%emt 0:00:05] OK} 10. O-O {[%emt 0:02:40] Onnauwkeurig} b6 $146 {[%emt 0:00:15] Fout (0.5)} (10... e5 $11) ({Predecessor:} 10... e5 11. Nxe5 Nxe5 12. dxe5 Qxe5 13. Rad1 Bh3 14. Rfe1 c6 15. Bf1 Bxf1 16. Kxf1 Qc7 {½-½ Tudor,V (2339)-Sutkalenko,D (2292) EU-ch 2018 sf02 email}) 11. Rfd1 $14 {[%emt 0:01:44] OK} Bb7 {[%emt 0:00:09] OK} 12. Bf1 Rfd8 13. Bg2 Nb4 {[%emt 0:09:33] Stopt e4. OK} 14. a3 {[%emt 0:04:28] Remt c5. OK} Nbd5 {[%emt 0:00:12] OK} 15. Nxd5 {[%emt 0:07:42] Onnauwkeurig} Bxd5 16. Qe2 {[%emt 0:09:39] OK} c5 17. dxc5 {[%emt 0:00:13] OK} bxc5 18. Ne5 Qb7 {[%emt 0:02:16] OK} 19. Bxd5 {[%emt 0:00:05] kan beter zijn. Fout (0.5)} (19. f3 $11) 19... exd5 $15 20. b4 {[%emt 0:09:21] OK} Re8 {[%emt 0:04:37] Onnauwkeurig} ({Speel niet} 20... cxb4 21. axb4 Rd6 22. Rd4 $14) 21. Nd3 c4 {[%emt 0:00:09] OK} 22. Nf4 {[%emt 0:00:02] OK} Re4 {[%emt 0:05:04] Onnauwkeurig} 23. Qf3 {[%emt 0:01:02][%cal Of4d5] En nu zou Nxd5! winnen. OK} Rae8 {[%emt 0:00:55] OK} 24. Ne2 {[%emt 0:01:09] OK} Ng4 {[%emt 0:02:45] blijft gelijk. Fout (0.7)} (24... R4e5 $11) {Wit zou moeten proberen} 25. Nf4 {[%emt 0:13:13] Fout (0.6)} (25. Nc3 $14 Ne5 26. Qg2) 25... Nf6 $1 $11 {[%emt 0:01:47] Sterk} 26. Ne2 Nd7 {[%emt 0:00:04] Fout (1.0)} (26... R4e5 $11) 27. Nf4 {[%emt 0:00:43] Fout (1.0)} (27. Nc3 $16) 27... Nb6 {[%emt 0:02:27] Houdt de partij in balans. Fout (1.1)} (27... Nf6 $1 $11) 28. Ra2 $16 {[%emt 0:01:48] Zwart is aan het verliezen. OK} Qa8 29. Kg2 {[%emt 0:01:04] Wit is actiever.} h6 30. Rad2 {Beter is} c3 {[%emt 0:00:04] Fout (1.0)} (30... Qc6 $1 $14) 31. Rc2 $18 {[%emt 0:01:04] Beste (Gemakkelijk)} Rc8 {[%emt 0:01:40] [#]} 32. Rd3 $1 {[%emt 0:02:16] OK} Rcc4 {[%emt 0:01:56] was nodig. Fout (1.1)} (32... Rec4 $16) 33. Rcxc3 {[%emt 0:02:13] OK} (33. Rdxc3 g6 34. b5 Qb7 $16) 33... Rxc3 34. Rxc3 Nc4 {[%emt 0:00:05] Sterke dreiging met ...Ne5. OK} 35. Qd1 {[%emt 0:03:08] OK} Nb6 {[%emt 0:03:27] met als doel voor ...d4. OK} 36. Kg1 {[%emt 0:00:36] OK} Rc4 {[%emt 0:00:03] [#] Onnauwkeurig} 37. Nxd5 {[%emt 0:01:16] OK} Rxc3 (37... Qd8 38. Rd3) 38. Nxc3 {[%emt 0:00:02][%mdl 4096] Eindspel. KQN-KQN} Qc6 39. Qd8+ Kh7 {[%emt 0:00:02] Beste} 40. Qd3+ {[%emt 0:00:05] OK} Kg8 41. b5 {[%emt 0:00:40] OK} Qc5 42. Qd8+ {[%emt 0:00:01] Onnauwkeurig} Kh7 $2 {[%emt 0:00:06] Uitkomst kan gunstiger zijn. Fout (1.9)} (42... Qf8 43. Qxf8+ Kxf8) 43. Qd3+ {[%emt 0:00:01] Beste} Kg8 44. a4 {[%emt 0:00:14] OK} Qa3 45. Qd8+ {[%emt 0:00:04] OK} Kh7 {[%emt 0:00:03] OK} 46. Qd3+ {[%emt 0:00:02] OK} Kg8 47. Qd4 Kh7 48. Qe4+ Kg8 {[%emt 0:00:05] OK} 49. Qd4 {[%emt 0:00:00] OK} Kh7 {[%emt 0:00:07] OK} 50. Kg2 Kg8 51. h4 {[%emt 0:00:12] OK} Kh7 52. e4 Kg8 {[%emt 0:00:04] Fout (2.8)} (52... Qb3 $142 53. h5 Nxa4) 53. Nd5 Qxa4 {[%emt 0:02:27] OK} 54. Ne7+ Kh7 {[%emt 0:00:03] Beste} 55. Qxa4 {[%emt 0:02:51] OK} Nxa4 {[%emt 0:00:04] KN-KN} 56. Nc6 Nc3 57. Nxa7 {[%emt 0:00:15] b6 is de sterke dreiging. OK} Nxe4 {[%emt 0:00:03] OK} 58. b6 Nd6 {[%emt 0:00:10] [#] Remt b7. Fout (2.5)} (58... Nc5 $142 59. Kf3 Kg6) 59. Nb5 $1 {[%emt 0:00:23] OK} Nb7 {[%emt 0:00:02] OK} 60. Kf3 g5 61. hxg5 hxg5 62. Ke4 Kg6 63. Kd5 f5 64. Nd6 {[%emt 0:00:07] Wit zet mat.} Na5 65. b7 Nxb7 66. Nxb7 Kh5 67. Ke5 Kg4 68. Nd6 {[%emt 0:00:03] Blunder waarde: Wit=0.18 (erg precies) /Zwart=0.36.  Fout:        	Wit=3      	Zwart=9      Onnauwkeurig:    	Wit=5      	Zwart=3      OK:         	Wit=24     	Zwart=17     Beste:        	Wit=2      	Zwart=2      Sterk:        	---       	Zwart=1} (68. f4 $142 Kxg3 69. fxg5 (69. Kxf5 gxf4 70. Nd6 f3 $11) 69... f4 70. g6 f3 71. Nd6 (71. g7 f2 $18) 71... Kh2 72. Ne4 Kg2 73. g7) 1-0

[Event "10th Iberoamericano-ch 2024"]
[Site "Linares"]
[Date "2024.09.25"]
[Round "1.7"]
[White "Avila Pavas, Santiago"]
[Black "Yanston, Kseniia"]
[Result "1-0"]
[ECO "D00"]
[WhiteElo "2485"]
[BlackElo "1592"]
[Annotator "RC"]
[PlyCount "39"]
[EventDate "2024.09.25"]
[EventType "swiss"]
[EventCountry "ESP"]
[SourceTitle "playchess.com"]
[Source "ChessBase"]
[SourceQuality "1"]
[TimeControl "5400+30"]

1. d4 d5 2. Bf4 Nf6 3. e3 c5 4. c3 Nc6 5. Nd2 Bf5 6. Qb3 Qd7 7. Ngf3 a6 8. dxc5 e6 9. Nd4 Bg6 10. Qa3 e5 11. Nxc6 exf4 12. Ne5 Qc8 13. Qa4+ Nd7 14. Nb3 fxe3 15. O-O-O Bf5 16. Rxd5 Be6 17. Bc4 exf2 18. Rhd1 Bxd5 19. Bxd5 f6 20. Bf7+ 1-0

[Event "10th Iberoamericano-ch 2024"]
[Site "Linares"]
[Date "2024.09.25"]
[Round "1.8"]
[White "Rodriguez Lopez, Rafael"]
[Black "Salinas Herrera, Pablo"]
[Result "0-1"]
[ECO "C79"]
[WhiteElo "2162"]
[BlackElo "2479"]
[Annotator "TA"]
[PlyCount "96"]
[EventDate "2024.09.25"]
[EventType "swiss"]
[EventCountry "ESP"]
[SourceTitle "playchess.com"]
[Source "ChessBase"]
[SourceQuality "1"]
[TimeControl "5400+30"]

1. e4 e5 2. Nf3 Nc6 3. Bb5 a6 4. Ba4 Nf6 5. O-O d6 6. Re1 Bd7 7. c4 Be7 8. d4 Nxd4 {[%emt 0:01:29] The position is equal.} 9. Bxd7+ Nxd7 10. Nxd4 exd4 11. Qxd4 Bf6 12. Qd3 O-O 13. Nc3 Ne5 14. Qe2 c6 15. a4 a5 16. Be3 {[%emt 0:00:56] Prevents Qb6.} Qe7 17. Rad1 Rfd8 (17... Qe6 $11) 18. Bd4 (18. c5 $1 $16) 18... Nd7 $11 19. Bxf6 Qxf6 20. h3 Qe6 21. Rd4 Nc5 22. Qg4 (22. Qc2 $11) 22... Nb3 23. Qxe6 fxe6 24. Rd3 Nc5 25. Rd2 Kf7 26. Red1 Ke7 27. f4 Ra6 28. e5 d5 29. cxd5 exd5 30. f5 Rb6 31. Rc2 $1 {[%emt 0:00:33][%cal Oc3d5] Hoping for Nxd5+!} Nd7 ({Black should try} 31... Kf8 $15) 32. Re2 (32. g4 $11) 32... Rb4 (32... Rg8 $17) 33. Rf1 (33. Rxd5 $11 {keeps the balance.} cxd5 34. Nxd5+ Ke8 35. Nc7+ Ke7 (35... Kf7 36. e6+ Kg8 37. e7 $11) 36. Nd5+ Ke8 37. Nc7+ Ke7 (37... Kf7 38. e6+ Kg8 39. e7 $14) 38. Nd5+) 33... Re8 $17 {[%emt 0:02:12] Black converts the advantage convincingly.} 34. g4 h6 35. Kg2 Kf8 ({Better is} 35... d4 36. Ne4 d3 (36... Nxe5 37. f6+ gxf6 38. Nxf6 $18) (36... Rxa4 37. Nd6 $11)) 36. Rfe1 {[%emt 0:01:52] [#]} (36. e6 $17 {was the only defense.} Nc5 37. Kg3) 36... Nc5 $1 $19 {[%emt 0:00:06][%cal Oc5d3] Strongly threatening ...Nd3!} 37. e6 {[%emt 0:01:14] [#]} Nd3 $1 (37... Nxa4 38. Nxa4 Rxa4 39. Kg3) 38. Rf1 Nf4+ (38... Rxb2 39. Rxb2 Nxb2 40. Rb1 $16) ({And not} 38... Nxb2 39. Na2 Nxa4 (39... Rxa4 $2 {loses.} 40. Rxb2 b5 41. Nc3 $18) 40. Nxb4 axb4 41. f6 $15) 39. Rxf4 (39. Kg3 {keeps fighting.} Nxe2+ 40. Nxe2) 39... Rxf4 {[%emt 0:00:04][%mdl 4096] Endgame. KRR-KRN} 40. Kg3 Rb4 41. h4 (41. Kh4 {was called for.} g6 42. fxg6) 41... Ke7 42. g5 Rf8 43. Re5 Rxb2 44. Kg4 (44. Ne2 $142 hxg5 45. hxg5 Rxe2 46. Rxe2 Rxf5 47. Rb2) 44... hxg5 45. hxg5 Rg2+ 46. Kh5 {[%emt 0:00:26] [#]} g6+ $1 47. Kxg6 (47. Kh6 Rxf5) 47... Rg8+ 48. Kh7 R8xg5 {[%emt 0:00:12] Weighted Error Value: White=0.65/Black=0.17 (very precise) .  Mistake:       	White=8     	Black=4      Inaccurate:     	White=3     	Black=3      OK:         	White=13    	Black=11     Best:        	White=3     	Black=2      Strong:       	White=1     	Black=2} 0-1